 Dungeon Crawl Stone Soup version 0.14-a0-2100-g3cf34dd (webtiles) character file.

518 HollowCharge the Covered (level 7, -5/47 HPs)
             Began as a Formicid Fighter on Jan 26, 2014.
             Slain by an ice beast (9 damage)
             ... on Level 5 of the Dungeon.
             The game lasted 00:17:55 (4245 turns).

HollowCharge the Covered (Formicid Fighter)         Turns: 4245, Time: 00:17:56

HP  -5/47        AC  8     Str 29      XL: 7   Next:  4%
MP   7/7         EV  6     Int  7      God:
Gold 200         SH 32     Dex 10      Spells:  0 memorised,  6 levels left

rFire  . . .     SeeInvis +     q - +0,+1 orc hand axe
rCold  . . .     Clarity  .     m - +1 ring mail
rNeg   . . .     Conserve .     r - +1 large shield
rPois  x         rCorr    .     (helmet unavailable)
rElec  .         rRot     .     (no cloak)
SustAb . .       Spirit   .     (no gloves)
rMut   .         Warding  .     (no boots)
Saprov . . .     Stasis   +     (no amulet)
MR     .....                    (no ring)
                                e - +6 ring of strength

@: not resistant to hostile enchantments, extremely unstealthy
A: permanent stasis, dig shafts and tunnels, four strong arms, poison weakness,
antennae 3, exoskeleton 1
a: Dig, Shaft Self


You were on level 5 of the Dungeon.
You were hungry.

You visited 1 branch of the dungeon, and saw 5 of its levels.

You collected 200 gold pieces.

Inventory:

Hand weapons
 a - a +0,+0 hand axe
 q - a +0,+1 orcish hand axe (weapon)
Armour
 m - a +1 ring mail (worn)
 r - a +1 large shield (worn)
Magical devices
 i - a wand of random effects (5) {unknown}
Comestibles
 d - 2 bread rations
 h - an apricot
 j - a pear
 n - a choko
 s - 3 rotting chunks of orc flesh
 u - a chunk of adder flesh
Scrolls
 f - a scroll of teleportation
 g - 4 scrolls of magic mapping
 o - 2 scrolls of fog
Jewellery
 e - a +6 ring of strength (left hand)
 p - an uncursed ring of ice
 w - an uncursed ring of teleport control {unknown}
Potions
 c - 2 potions of speed {unknown}
 k - a potion of heal wounds
 l - 4 potions of curing
 v - a potion of confusion {unknown}


   Skills:
 + Level 3.8 Fighting
 * Level 4.0 Axes
 + Level 5.0 Armour
 + Level 1.7 Dodging
 + Level 4.0 Shields


You had 6 spell levels left.
You didn't know any spells.

Dungeon Overview and Level Annotations

Branches:
Dungeon (5/16)
 Temple: D:4-7

Altars:
Nemelex Xobeh
Xom

Annotations:
D:3 flammableBen's ghost, average MfTm


Innate Abilities, Weirdness & Mutations

Your are under a permanent stasis effect.
You can dig through walls and to a lower floor.
Your four strong arms can wield any weapon, most with a shield.
You are susceptible to poison.
You have a pair of large antennae on your head (SInv).
Your body is surrounded by an exoskeleton. (AC +1)


Message History

The ice beast is lightly wounded.
The ice beast hits you. The ice beast freezes you!
You closely miss the ice beast.
The ice beast is lightly wounded.
You block the ice beast's attack. The ice beast barely misses you.
You hit the ice beast.
The ice beast is moderately wounded.
The ice beast hits you. The ice beast freezes you!
You hit the ice beast.
The ice beast is heavily wounded.
The ice beast hits you.
* * * LOW HITPOINT WARNING * * *
The ice beast freezes you!
* * * LOW HITPOINT WARNING * * *
You hit the ice beast but do no damage.
The ice beast is heavily wounded.
The ice beast hits you.
* * * LOW HITPOINT WARNING * * *
The ice beast freezes you!
You die...

....#
#............#
.####
#######'######
..# #.# #.#
#.# #.## #.#
#..# #.#
##'### #.#
.....#
#######'#####
.....#
#.......I@..#
.....#
#..........[#
.<...#
+...........#
)....#
#...........#
.....+
......?....#
.....#
..........#
.....#
.........#
.....#
#####+###
+#####


You could see an ice beast.

Vanquished Creatures
  An orc warrior (D:4)
  An orc wizard (D:3)
  An iguana (D:5)
  9 adders
  A worm (D:2)
  4 giant geckos
  An ooze (D:1)
  10 orcs
  10 bats
  12 goblins
  8 hobgoblins
  6 jackals
  7 kobolds
  2 quokkas (D:2)
  5 giant cockroaches
  4 giant newts
  A hobgoblin skeleton (D:4)
  11 rats
94 creatures vanquished.

Notes
Turn   | Place    | Note
--------------------------------------------------------------
     0 | D:1      | HollowCharge, the Formicid Fighter, began the quest for the Orb.
     0 | D:1      | Reached XP level 1. HP: 16/16 MP: 1/1
   132 | D:1      | Reached XP level 2. HP: 19/21 MP: 2/2
   482 | D:1      | Reached XP level 3. HP: 26/26 MP: 3/3
   760 | D:2      | Found a shimmering altar of Xom.
  1076 | D:2      | Reached skill level 4 in Armour
  1076 | D:2      | Reached XP level 4. HP: 27/31 MP: 4/4
  1307 | D:2      | Reached skill level 1 in Dodging
  1638 | D:2      | Found a sparkling altar of Nemelex Xobeh.
  1642 | D:2      | Reached XP level 5. HP: 36/36 MP: 5/5
  2428 | D:3      | Noticed flammableBen's ghost (average MfTm)
  2915 | D:3      | Reached XP level 6. HP: 14/42 MP: 6/6
  3958 | D:4      | Noticed an orc warrior
  3972 | D:4      | Killed an orc warrior
  4101 | D:5      | Entered Level 5 of the Dungeon
  4131 | D:5      | Reached skill level 5 in Armour
  4184 | D:5      | Reached XP level 7. HP: 47/47 MP: 7/7
  4233 | D:5      | Noticed an ice beast
  4245 | D:5      | Slain by an ice beast

Action                   |  1- 3 |  4- 6 |  7- 9 || total
-------------------------+-------+-------+-------++-------
Melee: Hand axe          |    98 |   248 |    11 ||   357
  Use: Scroll            |       |    10 |       ||    10
       Potion            |       |     1 |       ||     1
